 Dungeon Crawl Stone Soup version 0.30-a0-540-g0af01429fa (webtiles) character file.

Game seed: 17344353713868043689

12929 greasedhog the Skirmisher (level 12, -5/71 HPs)
             Began as a Gargoyle Hexslinger on Dec 24, 2022.
             Was a High Priest of Okawaru.
             Slain by a fire elemental (8 damage)
             ... summoned by a deep elf pyromancer
             ... on level 12 of the Dungeon on Dec 25, 2022.
             The game lasted 00:42:01 (16420 turns).

greasedhog the Skirmisher (Gargoyle Hexslinger)    Turns: 16420, Time: 00:42:02

Health: -5/71      AC: 18    Str: 14    XL:     12   Next: 0%
Magic:  12/19      EV: 12    Int: 15    God:    Okawaru [*****.]
Gold:   650        SH:  0    Dex: 14    Spells: 8/21 levels left

rFire   . . .      SeeInvis .    a - +0 shortbow
rCold   + . .      Faith    .    (shield currently unavailable)
rNeg    + . .      Spirit   .    J - +0 steam dragon scales
rPois   ∞          Reflect  .    t - +1 helmet
rElec   +          Harm     .    C - scarf {repulsion}
rCorr   .          Rampage  .    h - +0 pair of gloves
Will    +....                    (no boots)
Stlth   +                        K - amulet of the acrobat
HPRegen 0.31/turn                s - ring of willpower
MPRegen 0.16/turn                H - ring of protection from cold

@: portalling projectiles, repel missiles
A: sickness immunity, AC +8, negative energy resistance 1, electricity
resistance, torment resistance 1, petrification resistance
a: Renounce Religion, Heroism, Finesse, Duel


You were on level 12 of the Dungeon.
You worshipped Okawaru.
Okawaru was extremely pleased with you.
You visited 4 branches of the dungeon, and saw 16 of its levels.

You collected 825 gold pieces.
You spent 175 gold pieces at shops.

Inventory:

Hand Weapons
 a - a +0 shortbow (weapon)
 n - a +4 dagger
Armour
 h - a +0 pair of gloves (worn)
 t - a +1 helmet (worn)
 C - a scarf of repulsion (worn)
 J - +0 steam dragon scales (worn)
Jewellery
 s - a ring of willpower (left hand)
 H - a ring of protection from cold (right hand)
 K - an amulet of the acrobat (around neck)
 M - a ring of resist corrosion
Wands
 D - a wand of flame (14)
 G - a wand of paralysis (5)
Scrolls
 b - a scroll of poison
 i - 7 scrolls of teleportation
 j - 3 scrolls of fog {unknown}
 m - a scroll of torment
 o - a scroll of enchant armour
 q - 2 scrolls of magic mapping {unknown}
 r - a scroll of identify
 v - a scroll of amnesia {unknown}
 y - a scroll of immolation
 z - 7 scrolls of enchant weapon
 A - 3 scrolls of vulnerability {unknown}
 B - 2 scrolls of butterflies {unknown}
 F - a scroll of silence
 I - 2 scrolls of blinking {unknown}
Potions
 c - 2 potions of attraction {unknown}
 d - 2 potions of lignification {unknown}
 e - 3 potions of haste
 f - 4 potions of degeneration {unknown}
 g - 2 potions of ambrosia
 k - 4 potions of curing
 l - a potion of invisibility
 p - 2 potions of magic {unknown}
 u - a potion of flight {unknown}
 w - a potion of brilliance {unknown}
 x - a potion of resistance {unknown}
 E - 5 potions of might {unknown}
 L - a potion of cancellation {unknown}


   Skills:
 + Level 6.6 Fighting
 * Level 11.9 Ranged Weapons
 - Level 5.0 Armour
 - Level 1.5 Dodging
 - Level 5.0 Spellcasting
 * Level 10.1 Hexes
 - Level 2.4 Fire Magic
 + Level 4.0 Invocations


You had 8 spell levels left.
You knew the following spells:

 Your Spells              Type           Power      Damage    Failure   Level
a - Slow                  Hex            100%       N/A       1%          1
b - Portal Projectile     Hex/Tloc       38%        N/A       6%          3
c - Inner Flame           Hex/Fire       22%        N/A       3%          3
d - Cause Fear            Hex            17%        N/A       2%          4
e - Blink                 Tloc           6%         N/A       24%         2

Your spell library contained the following spells:

 Spells                   Type           Power      Damage    Failure   Level
 Manifold Assault         Tloc           3%         N/A       85%         4
 Storm Form               Tmut/Air       1%         N/A       100%        7


Dungeon Overview and Level Annotations

Branches:
Dungeon (12/15)            Temple (1/1) D:4            Lair (2/5) D:11
    Orc (1/2) D:11
  Swamp: Lair:2-3    Shoals: Lair:2-3     Snake: Lair:2-3    Spider: Lair:2-3

Altars:
Ashenzari
Cheibriados
Dithmenos
Elyvilon
Fedhas
Gozag
Hepliaklqana
Kikubaaqudgha
Makhleb
Nemelex Xobeh
Okawaru
Qazlal
Ru
Sif Muna
Trog
Uskayaw
Vehumet
Wu Jian
Xom
Yredelemnul
Zin
The Shining One

Shops:
D:2 *   D:4 *!*   Orc:1 *

Annotations:
Orc:1 Erica


Innate Abilities, Weirdness & Mutations

You are immune to sickness and miasma.
Your stone body is resilient. (AC +8)
You are immune to poison.
You resist negative energy. (rN+)
You are resistant to electric shocks. (rElec)
You are resistant to unholy torment.
You are immune to petrification.


Message History

The arrow hits the fire elemental but does no damage.
The fire elemental closely misses you.
Casting: Slow (safe; 1% risk of failure)
Confirm with . or Enter, or press ? or * to list all spells.
You begin teleporting projectiles to their destination.
The fire elemental hits you. The fire elemental burns you!
The fire elemental hits you. The fire elemental burns you!
The deep elf pyromancer gestures wildly while chanting.
The deep elf pyromancer blinks!
Fire: a) +0 shortbow
Press: ? - help, Q - select action, (/) - cycle Shift-Dir - straight line, f/p - deep elf pyromancer
Aim: a deep elf pyromancer, wielding a +0 short sword (moderately wounded, slow, 61% to hit)
You magically shoot an arrow.
The arrow barely misses the deep elf pyromancer.
The fire elemental hits you. The fire elemental burns you!
The fire elemental barely misses you.
Fire: a) +0 shortbow
Press: ? - help, Q - select action, (/) - cycle Shift-Dir - straight line, f/p - deep elf pyromancer
Aim: a deep elf pyromancer, wielding a +0 short sword (moderately wounded, slow, 61% to hit)
You magically shoot an arrow.
The arrow hits the deep elf pyromancer.
The deep elf pyromancer is heavily wounded.
The fire elemental closely misses you. The fire elemental hits you.
The fire elemental burns you!
Fire: a) +0 shortbow
Press: ? - help, Q - select action, (/) - cycle Shift-Dir - straight line, f/p - deep elf pyromancer
Aim: a deep elf pyromancer, wielding a +0 short sword (heavily wounded, slow, 61% to hit)
You magically shoot an arrow.
The arrow hits the deep elf pyromancer!
The deep elf pyromancer is almost dead.
The fire elemental hits you. The fire elemental burns you!
The fire elemental hits you. The fire elemental burns you!
* * * LOW HITPOINT WARNING * * *
The fire elemental hits you. The fire elemental burns you!
* * * LOW HITPOINT WARNING * * *
Fire: a) +0 shortbow
Press: ? - help, Q - select action, (/) - cycle Shift-Dir - straight line, f/p - deep elf pyromancer
Aim: a deep elf pyromancer, wielding a +0 short sword (almost dead, slow, 61% to hit)
You magically shoot an arrow.
The arrow hits the deep elf pyromancer.
The deep elf pyromancer is almost dead.
The fire elemental hits you. The fire elemental burns you!
You die...

.#.#.#. #..
............
#.#.#.#.##.#
...........#
#.#e#.#.#..#
........##)#
#.#.#.#.#..#
......E...##
#####E@.##
#####


You could see a deep elf pyromancer (slow) and 2 fire elementals.

Vanquished Creatures
  Urug (D:11)
  An oklob plant (Lair:1)
  A rime drake (Lair:1)
  A troll (D:11)
  Grinder (D:4)
  Prince Ribbit (D:6)
  8 blink frogs (Lair:1)
  2 shadows
  A wraith (D:11)
  23 yaks
  A basilisk (D:11)
  5 wyverns
  A steam dragon (D:8)
  Menkaure (D:4)
  An acid dragon (D:11)
  5 water moccasins
  3 orc warriors
  2 ice beasts
  A black bear (D:8)
  3 centaurs
  3 wolves (Lair:1)
  An ogre (D:7)
  2 kobold brigands
  Blork the orc (D:4)
  9 bullfrogs
  3 scorpions
  6 wights
  11 killer bees
  3 howler monkeys
  5 orc priests
  4 hounds (D:5)
  11 jellies
  A gnoll bouda (D:10)
  7 iguanas
  4 orc wizards
  12 adders
  4 gnolls (D:10)
  A shadow imp (D:7)
  A white imp (D:8)
  An ufetubus (D:5)
  4 worms
  4 dart slugs
  32 orcs
  5 ball pythons
  23 endoplasms
  6 giant cockroaches
  6 goblins
  2 hobgoblins
  8 kobolds
  4 quokkas
  4 bats
  6 frilled lizards
  4 rats
261 creatures vanquished.

Vanquished Creatures (others)
  11 fungi (Lair:1)
  11 plants (Lair:1)
  A withered plant (D:2)
23 creatures vanquished.

Grand Total: 284 creatures vanquished

Notes
Turn   | Place    | Note
-------+----------+-------------------------------------------
     0 | D:1      | greasedhog the Gargoyle Hexslinger began the quest for the
                  | Orb.
     0 | D:1      | Reached XP level 1. HP: 12/12 MP: 2/2
   102 | D:1      | Reached XP level 2. HP: 17/17 MP: 3/3
   543 | D:1      | Reached XP level 3. HP: 22/22 MP: 4/4
   780 | D:2      | Found Wukeca's General Store.
   829 | D:2      | Reached skill level 3 in Ranged Weapons
  1011 | D:2      | Reached XP level 4. HP: 27/27 MP: 5/5
  1015 | D:2      | Found a faded altar of an unknown god.
  1438 | D:2      | Bought a scroll of identify for 26 gold pieces
  1438 | D:2      | Bought a scroll of identify for 26 gold pieces
  1784 | D:3      | Found a shimmering blue altar of Sif Muna.
  1872 | D:3      | Reached XP level 5. HP: 32/32 MP: 6/6
  2034 | D:3      | Found a snail-covered altar of Cheibriados.
  2202 | D:4      | Found Verghorich's Assorted Antiques.
  2206 | D:4      | Found Jogunn's Distillery.
  2214 | D:4      | Bought a potion of heal wounds for 55 gold pieces
  2307 | D:4      | Found a staircase to the Ecumenical Temple.
  2314 | Temple   | Entered the Ecumenical Temple
  2390 | Temple   | Became a worshipper of Warmaster Okawaru
  2445 | D:4      | Noticed Menkaure
  2447 | D:4      | Killed Menkaure
  2448 | D:4      | Reached skill level 4 in Ranged Weapons
  2448 | D:4      | Reached XP level 6. HP: 32/39 MP: 7/7
  2489 | D:4      | Found Usucop's Assorted Antiques.
  2704 | D:4      | Noticed Grinder
  2717 | D:4      | Killed Grinder
  2717 | D:4      | Reached * piety under Okawaru
  2718 | D:4      | Reached skill level 5 in Fighting
  2718 | D:4      | Reached skill level 5 in Ranged Weapons
  2718 | D:4      | Reached XP level 7. HP: 44/44 MP: 8/8
  2838 | D:4      | Learned a level 3 spell: Portal Projectile
  2842 | D:4      | Learned a level 3 spell: Inner Flame
  3134 | D:4      | Noticed Blork the orc
  3154 | D:4      | Killed Blork the orc
  3596 | D:5      | Entered Level 5 of the Dungeon
  3615 | D:5      | Reached skill level 1 in Armour
  3700 | D:5      | Reached skill level 1 in Invocations
  3764 | D:5      | Reached ** piety under Okawaru
  3989 | D:5      | Reached XP level 8. HP: 49/49 MP: 9/9
  4130 | D:5      | Reached skill level 6 in Ranged Weapons
  4666 | D:6      | Found a blossoming altar of Fedhas.
  4679 | D:6      | Noticed Prince Ribbit
  4706 | D:6      | Killed Prince Ribbit
  4707 | D:6      | Reached skill level 5 in Hexes
  5236 | D:6      | Reached skill level 7 in Ranged Weapons
  5617 | D:6      | Reached *** piety under Okawaru
  5618 | D:6      | Reached XP level 9. HP: 44/54 MP: 8/12
  6805 | D:7      | Reached skill level 8 in Ranged Weapons
  7023 | D:7      | Learned a level 4 spell: Cause Fear
  7800 | D:8      | Reached **** piety under Okawaru
  8077 | D:8      | Reached skill level 5 in Armour
  8573 | D:9      | Reached XP level 10. HP: 23/59 MP: 1/15
  8748 | D:9      | Reached skill level 9 in Ranged Weapons
  9539 | D:4      | Bought a scroll of identify for 34 gold pieces
  9539 | D:4      | Bought a scroll of identify for 34 gold pieces
  9775 | D:10     | Entered Level 10 of the Dungeon
 10281 | D:10     | Reached ***** piety under Okawaru
 10406 | D:10     | Reached skill level 10 in Ranged Weapons
 10421 | D:10     | Received a gift from Okawaru
 10741 | D:10     | Found a shadowy altar of Dithmenos.
 10874 | D:10     | Found a hide-covered altar of Uskayaw.
 10879 | D:10     | Found a bloodstained altar of Trog.
 10880 | D:10     | Found a white marble altar of Elyvilon.
 10880 | D:10     | Found a sacrificial altar of Ru.
 10881 | D:10     | Found a stormy altar of Qazlal.
 10884 | D:10     | Found a glowing golden altar of the Shining One.
 10885 | D:10     | Found a glowing silver altar of Zin.
 11503 | D:11     | Found a staircase to the Orcish Mines.
 11553 | D:11     | Reached XP level 11. HP: 64/64 MP: 14/18
 11568 | D:11     | Reached skill level 5 in Spellcasting
 11653 | D:11     | Noticed a boulder beetle
 11823 | D:11     | Found a gate leading to a gauntlet.
 11863 | D:11     | Noticed Urug
 11874 | D:11     | Killed Urug
 11875 | D:11     | Reached skill level 1 in Fire Magic
 11992 | D:11     | Upgraded the game from 0.30-a0-534-gdc55766716 to
                  | 0.30-a0-540-g0af01429fa
 12409 | D:11     | Reached skill level 11 in Ranged Weapons
 12942 | D:11     | Found a staircase to the Lair.
 13648 | D:11     | HP: 2/64 [something (7)]
 13940 | Lair:1   | Entered Level 1 of the Lair of Beasts
 14392 | Lair:1   | Identified the +2 crystal plate armour of Instinct {Str+5
                  | Stlth+} (Okawaru gifted it to you on level 1 of the Lair of
                  | Beasts)
 14392 | Lair:1   | Received a gift from Okawaru
 14930 | Lair:1   | HP: 1/64 [blink frog (12)]
 15143 | Lair:1   | Learned a level 2 spell: Blink
 15278 | Lair:1   | Reached skill level 10 in Hexes
 15373 | Lair:1   | Noticed an oklob plant
 15524 | Lair:1   | Killed an oklob plant
 16062 | Lair:2   | Noticed an eight-headed hydra
 16181 | Orc:1    | Entered Level 1 of the Orcish Mines
 16181 | Orc:1    | Noticed Erica
 16181 | Orc:1    | Found Kithanep's General Store.
 16228 | D:12     | Reached XP level 12. HP: 16/71 MP: 5/19
 16419 | D:12     | HP: 3/71 [fire elemental[a deep elf pyromancer] (14)]
 16420 | D:12     | Slain by a fire elemental

Illustrated notes

Levels and vault maps discovered:
D:1:      tarquinn_simple_flora_water_f, layout_basic, kennysheep_flooded_box
D:2:      layout_basic, serial_shops, shop, ebering_ecumenical_altar_petrified
D:3:      cheibrodos_helix_gallery, layout_basic,
          mainiacjoe_overflow_surrounded_room, mainiacjoe_overflow_paths
D:4:      layout_loops_corners, minmay_temple_entry_statues, serial_shops,
          nicolae_shop_crystal, shop, nicolae_shop_hallway_stairs,
          glass_columns_a, hex_large, uniq_grinder, uniq_menkaure,
          uniq_blork_the_orc
D:5:      layout_loops_ring, nrook_pool_corridor
D:6:      layout_loops_corners, lemuel_crystal_altar, uniq_prince_ribbit1
D:7:      layout_loops_corners
D:8:      layout_rooms
D:9:      layout_basic, nicolae_fountain_basement
D:10:     layout_basic, nicolae_dithmenos_through_a_glass_darkly, minitemple,
          grunt_decor_resistance
D:11:     layout_small_grid, erik_lair_dragon, orc_0_dummy,
          gauntlet_entry_generic, uniq_urug
D:12:     layout_basic, serial_glass, glass_columns_c, glass_columns_a,
          uniq_frances, uniq_nergalle
Temple:   jpeg_temple_clearing
Lair:1:   lemuel_slime, layout_cellular_growth
Lair:2:   wander_river, layout_hall_layers
Orc:1:    layout_caves, basic_altar, serial_shops, nicolae_shop_crystal,
          uniq_erica

Skill      XL: |  1  2  3  4  5  6  7  8  9 10 11 |
---------------+----------------------------------+-----
Fighting       | 2 3 4 5 6 |  6.6
Ranged Weapons | 3 4 5 7 8 10 11 | 11.9
Hexes          | 3 4 5 6 8 10 | 10.1
Armour         | 1 3 5 |  5.0
Invocations    | 1 2 4 |  4.0
Spellcasting   | 2 3 4 5 |  5.0
Fire Magic     | 2 |  2.4
Dodging        | |  1.5

Action                   |  1- 3 |  4- 6 |  7- 9 | 10-12 || total
-------------------------+-------+-------+-------+-------++-------
Melee: Dagger            |       |       |   329 |   184 ||   513
       Punch             |       |       |     7 |     3 ||    10
 Fire: Sling             |   110 |   170 |   279 |       ||   559
       Shortbow          |       |       |    84 |   523 ||   607
 Cast: Slow              |     3 |     7 |    75 |    61 ||   146
       Inner Flame       |       |       |    22 |    45 ||    67
       Cause Fear        |       |       |       |    13 ||    13
       Portal Projectile |       |       |       |     2 ||     2
Invok: Heroism           |       |       |     1 |     2 ||     3
       Finesse           |       |       |       |     1 ||     1
Evoke: Wand              |       |       |       |    24 ||    24
  Use: Scroll            |     3 |     4 |     2 |     8 ||    17
       Potion            |       |       |       |     8 ||     8
 Stab: Invisible         |       |       |       |     2 ||     2
Armor: Robe              |    15 |    45 |       |       ||    60
       Leather armour    |       |       |   211 |       ||   211
       Steam dragon scal |       |       |    13 |   232 ||   245
Dodge: Dodged            |    30 |    89 |   256 |   266 ||   641
       Repelled          |       |       |       |     4 ||     4

Table legend: (Time is in decaauts)
 A = Elapsed time spent in this place.
 B = Non-inter-level travel time spent in this place.
 C = Inter-level travel time spent in this place.
 D = Time resting spent in this place.
 E = Time spent auto-exploring this place.
 F = Levels seen in this place.
 G = Mean time per level.
                   A        B        C        D        E       F      G
               +--------+--------+--------+--------+--------+-----+--------+
         Total |  16447 |  15375 |   1072 |   3271 |   8709 |  16 | 1027.9 |
       Dungeon |  14220 |  13218 |   1002 |   2452 |   7828 |  12 | 1185.0 |
        Temple |     92 |     76 |     16 |      0 |     61 |   1 |   92.0 |
          Lair |   2128 |   2075 |     53 |    819 |    820 |   2 | 1064.0 |
  Orcish Mines |      5 |      5 |      0 |      0 |      0 |   1 |    5.0 |
               +--------+--------+--------+--------+--------+-----+--------+

Top non-repeatable levels by time:
    D:11: 2406 daAuts
  Lair:1: 2127 daAuts
    D:10: 1503 daAuts
     D:4: 1464 daAuts
     D:6: 1400 daAuts
     D:5: 1382 daAuts
     D:9: 1284 daAuts
     D:7: 1203 daAuts
     D:8: 1120 daAuts
     D:1: 784 daAuts
     D:3: 740 daAuts
     D:2: 726 daAuts
    D:12: 202 daAuts
  Temple: 92 daAuts
   Orc:1: 5 daAuts
